 Dungeon Crawl Stone Soup version 0.17-a0-1909-g0b14330 (console) character file.

138 Soultwo the Skirmisher (level 5, -7/42 HPs)
             Began as a Demonspawn Abyssal Knight on Sept 24, 2015.
             Was a Priest of Lugonu.
             Mangled by Grinder (8 damage)
             ... on level 3 of the Dungeon on Sept 25, 2015.
             The game lasted 00:21:30 (3122 turns).

Soultwo the Skirmisher (Demonspawn Abyssal Knight)  Turns: 3122, Time: 00:21:30

Health: -7/42      AC:  7    Str: 13    XL:     5   Next: 1%
Magic:  0/7        EV:  9    Int: 14    God:    Lugonu [***...]
Gold:   154        SH:  0    Dex: 12    Spells: 0 memorised, 4 levels left

rFire  . . .     SeeInvis .     a - +1 hand axe
rCold  . . .     Clarity  .     p - +0 scale mail
rNeg   . . .     SustAt   .     (no shield)
rPois  .         Gourm    .     j - +0 helmet
rElec  .         Spirit   +     (no cloak)
rCorr  .         Warding  .     (no gloves)
rMut   .         Stasis   .     (no boots)
MR     .....                    q - amulet of faith
Stlth  ..........               (no ring)
                                (no ring)

@: not resistant to hostile enchantments, extremely unstealthy
A: claws 1, magic shield
a: Depart the Abyss, Bend Space, Banish, Renounce Religion


You were on level 3 of the Dungeon.
You worshipped Lugonu.
Lugonu was most pleased with you.
You were not hungry.

You visited 1 branch of the dungeon, and saw 3 of its levels.
You visited the Abyss 1 time.

You collected 154 gold pieces.

Inventory:

Hand weapons
 a - a +1 hand axe (weapon)
Armour
 j - a +0 helmet (worn)
 p - a +0 scale mail (worn)
Jewellery
 q - an amulet of faith (around neck)
Magical devices
 l - a wand of confusion (22)
Potions
 e - a potion of brilliance
 m - a potion of cancellation
Comestibles
 b - 9 chunks of flesh
 c - 4 fruits
 f - 2 meat rations
 g - a royal jelly
 i - 3 bread rations
 n - a beef jerky
 o - a slice of pizza


   Skills:
 + Level 4.0 Fighting
 + Level 2.4 Axes
 + Level 2.7 Armour
 + Level 2.1 Dodging
 + Level 0.6 Stealth
 + Level 2.7 Invocations


You had 4 spell levels left.
You didn't know any spells.

Dungeon Overview and Level Annotations

Branches:
Dungeon (3/15)

Altars:

Annotations:
D:3 Grinder


Innate Abilities, Weirdness & Mutations

You have sharp fingernails.
When hurt, damage is shared between your health and your magic reserves.


Message History

Pain shoots through your body!
You hit Grinder.
Grinder is lightly wounded.
Grinder closely misses you. Grinder hits you!
* * * LOW HITPOINT WARNING * * *
You barely miss Grinder.
Grinder is lightly wounded.
Grinder hits you.
* * * LOW HITPOINT WARNING * * *
You writhe in agony.
* * * LOW HITPOINT WARNING * * *
You hit Grinder.
Grinder is lightly wounded.
Grinder gestures at you. Pain shoots through your body!
* * * LOW HITPOINT WARNING * * *
As you read the scroll labeled YQACKU YNKUMYBAL, it crumbles to dust.
The creatures around you are filled with an inner flame!
It was a scroll of immolation.
Grinder hits you!
You die...

#.#.###.#.#
#....##..#
#..#.....#
##...###.#
##......#
#####..# #..#
#..#######<.#
#.....@5..$.#
####.######.#
#.# #.# #.#
#.# #.# #.#


You could see Grinder (inner flame).

Vanquished Creatures
  Ijyb (D:2)
  Jessica (D:2)
  2 adders
  4 worms (D:2)
  An orc (D:3)
  3 ball pythons (D:2)
  10 bats
  A giant cockroach (D:1)
  8 hobgoblins
  9 kobolds
  A giant gecko (D:1)
  4 giant newts
  4 goblins
  8 rats
57 creatures vanquished.

Notes
Turn   | Place    | Note
--------------------------------------------------------------
     0 | Abyss:1  | Soultwo the Demonspawn Abyssal Knight began the quest for the Orb.
     0 | Abyss:1  | Reached XP level 1. HP: 18/18 MP: 2/2
     5 | D:1      | Escaped the Abyss
   506 | D:1      | Gained mutation: You have sharp fingernails. [demonic ancestry]
   506 | D:1      | Reached XP level 2. HP: 20/24 MP: 3/3
  1187 | D:1      | Reached skill level 1 in Dodging
  1504 | D:2      | Reached XP level 3. HP: 26/29 MP: 3/5
  1513 | D:2      | Acquired Lugonu's second power
  1520 | D:2      | Noticed Ijyb
  1544 | D:2      | Killed Ijyb
  1772 | D:2      | Gained mutation: When hurt, damage is shared between your health and your magic reserves. [demonic ancestry]
  1772 | D:2      | Reached XP level 4. HP: 9/37 MP: 6/6
  1798 | D:2      | Upgraded the game from 0.17-a0-1899-ge84b1df to 0.17-a0-1909-g0b14330
  1843 | D:2      | HP: 1/37 [worm (3)]
  2463 | D:2      | Noticed Jessica
  2469 | D:2      | Killed Jessica
  2893 | D:3      | Reached skill level 4 in Fighting
  3050 | D:3      | Acquired Lugonu's third power
  3092 | D:3      | Reached XP level 5. HP: 31/42 MP: 3/7
  3113 | D:3      | Noticed Grinder
  3120 | D:3      | HP: 2/42 [Grinder (4)]
  3122 | D:3      | Mangled by Grinder

Vault maps used:
D:1:      dpeg_arrival_chase
D:2:      uniq_iyjb, uniq_jessica
D:3:      gup_sewer_entry_bubbles, kennysheep_generic_room_11, uniq_natasha,
          uniq_grinder

Action                   |  1- 3 |  4- 6 || total
-------------------------+-------+-------++-------
Melee: Hand axe          |   108 |   132 ||   240
  Use: Scroll            |     3 |     6 ||     9
       Potion            |       |     1 ||     1
 Stab: Sleeping          |       |     1 ||     1
  Eat: Bread ration      |     1 |       ||     1
       Chunk             |       |     3 ||     3
